 Dungeon Crawl Stone Soup version 0.23.2-1-ga50397a6bc (webtiles) character file.

Game seed: 5467088406506695028

127922 Peloso the Peltast (level 16, -11/146 HPs)
             Began as a Minotaur Fighter on May 24, 2019.
             Was the Champion of Okawaru.
             Mangled by a shambling mangrove (21 damage)
             ... on level 4 of the Swamp.
             The game lasted 01:24:11 (32414 turns).

Peloso the Peltast (Minotaur Fighter)              Turns: 32414, Time: 01:24:12

Health: -11/146    AC: 28    Str: 28    XL:     16   Next: 47%
Magic:  16/16      EV: 11    Int:  5    God:    Okawaru [******]
Gold:   1753       SH: 18    Dex: 15    Spells: 15/15 levels left

rFire    . . .     SeeInvis .   b - +3 scimitar (flame)
rCold    + . .     Gourm    .   c - +1 shield
rNeg     . . .     Faith    +   g - +2 plate armour {MR+}
rPois    +         Spirit   .   y - +2 hat
rElec    .         Reflect  .   D - +1 cloak {rPois}
rCorr    .         Harm     .   A - +0 pair of fencer's gloves {Riposte Dex+3}
MR       ++...                  J - +2 pair of boots of the Lizard {rPois Str+2}
Stlth    ..........             t - amulet of faith
HPRegen  0.34/turn              p - ring of protection from cold
MPRegen  0.15/turn              o - +1 ring of slaying

@: grasped by roots, slowed, constricted, very slow
A: retaliatory headbutt, horns 2
a: Heroism, Finesse, Renounce Religion


You were on level 4 of the Swamp.
You worshipped Okawaru.
Okawaru was exalted by your worship.
You were not hungry.

You visited 5 branches of the dungeon, and saw 28 of its levels.
You also visited: Ossuary.

You collected 2813 gold pieces.
You spent 1060 gold pieces at shops.

Inventory:

Hand Weapons
 a - a +3 antimagic demon blade
 b - a +3 scimitar of flaming (weapon)
 N - the +5 rapier "Eptubiosch" {pierce, rN+, unknown}
   (You found it on level 2 of the Swamp)

   It inflicts extra damage upon your enemies.
   It protects you from negative energy.
Armour
 c - a +1 shield (worn)
 g - a +2 plate armour of magic resistance (worn)
 u - a +0 pair of gloves
 y - a +2 hat (worn)
 A - the +0 pair of fencer's gloves (worn) {Riposte Dex+3}
   (Okawaru gifted it to you on level 15 of the Dungeon)

   It affects your dexterity (+3).
 D - a +1 cloak of poison resistance (worn)
 J - the +2 pair of boots of the Lizard (worn) {rPois Str+2}
   (You found it on level 9 of the Dungeon)

   It affects your strength (+2).
   It protects you from poison.
Jewellery
 d - the amulet "Guubotay" {Acrobat Str+4}
   (You found it on level 15 of the Dungeon)

   [amulet of the acrobat]

   It helps you evade while moving and waiting.
   It affects your strength (+4).
 o - a +1 ring of slaying (right hand)
 p - a ring of protection from cold (left hand)
 t - an amulet of faith (around neck)
 B - an uncursed ring of protection from fire
 H - an uncursed ring of ice
 I - an uncursed ring of protection from magic {unknown}
 O - an uncursed ring of poison resistance
 Q - an uncursed ring of flight
Wands
 s - a wand of clouds (2)
 K - a wand of paralysis (2)
 M - a wand of flame (33)
 P - a wand of acid (6)
 Y - a wand of iceblast (30)
Scrolls
 e - 14 scrolls of teleportation
 i - 10 scrolls of remove curse
 l - 5 scrolls of fog
 r - a scroll of summoning
 v - a scroll of magic mapping
 x - 3 scrolls of noise
 F - a scroll of fear
 L - a scroll of enchant armour
 U - a scroll of identify
Potions
 h - 4 potions of resistance
 j - 5 potions of haste
 k - 12 potions of curing
 m - 7 potions of heal wounds
 n - a potion of berserk rage
 q - a potion of might
 w - 4 potions of flight
 z - 5 potions of brilliance {unknown}
 C - 4 potions of agility
 E - a potion of magic
 G - 4 potions of mutation {unknown}
 R - a potion of cancellation
Comestibles
 f - 38 rations
 S - a chunk of flesh


   Skills:
 + Level 14.0 Fighting
 + Level 3.1(11.0) Short Blades
 + Level 16.9(17.0) Long Blades
 + Level 14.6 Armour
 + Level 10.1 Dodging
 + Level 3.0 Stealth
 + Level 19.9 Shields
 + Level 1.8 Invocations
 + Level 1.1 Evocations


You had 15 spell levels left.
You didn't know any spells.
Your spell library contained the following spells:

 Spells                   Type           Power        Failure   Level  Hunger
 Corona                   Hex            #......      97%         1    ##.....
 Magic Dart               Conj           #...         97%         1    ##.....
 Sandblast                Erth           #.....       97%         1    ##.....
 Blink                    Tloc           N/A          99%         2    ###....
 Call Imp                 Summ           #.......     99%         2    ###....
 Ensorcelled Hibernation  Hex/Ice        #.....       99%         2    ###....
 Passwall                 Tmut/Erth      #.......     99%         2    ###....
 Slow                     Hex            #.......     99%         2    ###....
 Confuse                  Hex            #.......     100%        3    ####...
 Conjure Flame            Conj/Fire      #.......     100%        3    ####...
 Dazzling Spray           Conj/Hex       #.....       100%        3    ####...
 Gell's Gravitas          Tloc           #.........   100%        3    ####...
 Mephitic Cloud           Conj/Pois/Air  #.......     100%        3    ####...
 Portal Projectile        Hex/Tloc       #.....       100%        3    ####...
 Static Discharge         Conj/Air       #.......     100%        3    ####...
 Stone Arrow              Conj/Erth      #.....       100%        3    ####...
 Tukima's Dance           Hex            #.......     100%        3    ####...
 Force Lance              Conj/Tloc      #.......     100%        4    #####..
 Petrify                  Tmut/Erth      #.......     100%        4    #####..
 Bolt of Magma            Conj/Fire/Erth #.........   100%        5    ######.
 Iskenderun's Battlesphe  Conj/Chrm      #.......     100%        5    ######.
 Lee's Rapid Deconstruct  Erth           #.........   100%        5    ######.
 Lightning Bolt           Conj/Air       #.........   100%        5    ######.
 Venom Bolt               Conj/Pois      #.........   100%        5    ######.
 Dispersal                Tloc           #.........   100%        6    #######
 Iron Shot                Conj/Erth      #.........   100%        6    #######
 Orb of Destruction       Conj           #.........   100%        7    #######
 Spellforged Servitor     Conj/Summ      #.........   100%        7    #######
 Controlled Blink         Tloc           N/A          100%        8    #######
 Disjunction              Tloc           #.........   100%        8    #######
 Ignition                 Fire           #.........   100%        8    #######
 Shatter                  Erth           #.........   100%        9    #######
 Tornado                  Air            #.........   100%        9    #######


Dungeon Overview and Level Annotations

Branches:
Dungeon (15/15)            Temple (1/1) D:4            Lair (6/6) D:10
  Swamp (4/4) Lair:3       Spider (0/4) Lair:3        Slime (0/5) Lair:5
    Orc (2/2) D:10            Elf (0/3) Orc:2        Vaults (0/5) D:14
 Depths (0/5) D:15

Altars:
Ashenzari
Cheibriados
Dithmenos
Elyvilon
Fedhas
Gozag
Hepliaklqana
Kikubaaqudgha
Makhleb
Nemelex Xobeh
Okawaru
Qazlal
Ru
Sif Muna
Trog
Uskayaw
Vehumet
Wu Jian
Xom
Yredelemnul
Zin
The Shining One
Beogh

Shops:
D:4 }   D:5 !   D:11 (   Orc:2 ([(**

Portals:
Hell: Lair:6

Annotations:
D:9 exclusion: statue
Lair:5 exclusion: 4 oklob plants


Innate Abilities, Weirdness & Mutations

You reflexively headbutt those who attack you in melee.
You have a pair of horns on your head.


Message History

The grasping roots constrict you.
Your plate armour prevents you from hitting the shambling mangrove.
You headbutt the shambling mangrove, but do no damage.
The shambling mangrove is severely damaged.
The four-headed hydra bites you but does no damage. x3
You block the four-headed hydra's attack.
The shambling mangrove hits you.
* * * LOW HITPOINT WARNING * * *
x2 The grasping roots constrict you!
You feel much better.
The four-headed hydra bites you but does no damage. x2
You block the four-headed hydra's attack. x2
You block the tyrant leech's attack.
You block the four-headed hydra's attack.
The four-headed hydra bites you!
* * * LOW HITPOINT WARNING * * *
The four-headed hydra closely misses you.
The four-headed hydra misses you. The shambling mangrove hits you!
* * * LOW HITPOINT WARNING * * *
You die...

.≈ ♣.....≈≈.♣≈≈≈≈≈≈.≈ .
♣≈♣♣.....<..≈≈≈.≈≈ ≈≈≈ §≈♣
♣♣♣≈..≈≈≈≈.≈≈.≈ ♣.≈ ≈♣♣
♣...≈≈≈≈.≈..≈ ..≈≈
♣♣♣...§≈≈..§.≈ ...§.
♣♣≈≈.......≈... ≈.≈≈.♣
♣♣..≈≈≈≈♣♣.≈≈≈≈≈ ≈≈D≈≈.♣
♣♣♣♣.≈≈..♣≈≈≈≈≈≈≈≈≈
≈≈≈≈≈♣≈♣♣♣f@.≈≈≈≈♣♣♣♣.≈≈≈≈≈
.≈≈≈.≈§D!.Dw≈≈≈≈≈≈♣ ≈≈≈≈≈
≈≈≈≈≈≈≈≈?≈≈≈≈≈≈≈≈≈♣ ≈≈≈
≈≈≈≈≈≈≈..≈≈≈≈≈≈.≈♣♣ ≈≈
≈≈≈≈§≈≈≈..≈≈≈♣≈≈♣♣
.≈......♣♣..≈)≈≈≈.
♣♣♣♣≈.?§♣♣♣♣♣.≈≈≈≈. ♣♣≈≈♣♣
?≈≈≈≈≈ .≈. ≈..


You could see a shambling mangrove, a four-headed hydra, a swamp dragon and a
tyrant leech.

Vanquished Creatures
  A thorn hunter (Swamp:3)
  An orc warlord (D:10)
  Louise (Swamp:1)
  A dire elephant (Lair:6)
  An ogre mage (D:15)
  Harold (D:9)
  Fannar (Lair:2)
  A hell beast (Lair:6)
  17 hydras
  4 vault guards (D:14)
  2 ghost crabs
  A death knight (D:14)
  3 centaur warriors
  8 two-headed ogres
  8 alligators
  3 death yaks (Lair:6)
  5 orc high priests (Orc:2)
  Sonja (Lair:2)
  5 skeletal warriors
  2 unseen horrors
  3 swamp dragons
  2 wizards
  15 deep elf magi
  8 orc knights
  An orb spider (Lair:3)
  Pikel (D:6)
  3 orc sorcerers
  An oklob plant (Lair:2)
  3 cyclopes
  2 ugly things
  4 manticores
  A moth of wrath (shapeshifter) (D:13)
  Joseph (D:9)
  10 elephants
  A smoke demon (Lair:6)
  4 black mambas
  2 gargoyles (D:14)
  A spiny frog (shapeshifter) (D:14)
  4 orange demons (Lair:6)
  2 efreet
  19 spiny frogs
  5 rime drakes
  A yaktaur (D:14)
  A freezing wraith (D:14)
  A kobold demonologist (D:14)
  2 tengu conjurers (D:14)
  16 komodo dragons
  2 red devils (Lair:6)
  7 trolls
  A polar bear (Lair:6)
  9 tyrant leeches
  6 hornets
  7 slime creatures
  10 hippogriffs
  16 blink frogs
  7 bog bodies
  A raiju (shapeshifter) (D:14)
  A centaur simulacrum (D:15)
  Sigmund (D:2)
  3 wyverns
  2 shadows
  3 wraiths
  3 basilisks
  2 spriggans
  Eustachio (D:6)
  22 yaks
  A human (D:14)
  A steam dragon (D:10)
  2 hungry ghosts
  A warg (Orc:1)
  8 insubstantial wisps
  9 swamp worms
  A soldier ant (D:13)
  19 water moccasins
  3 hell hounds (Lair:6)
  8 swamp drakes
  10 porcupines
  42 orc warriors
  4 sky beasts
  A black bear (Lair:1)
  A slave (D:6)
  2 phantoms
  4 ice beasts
  18 centaurs
  14 wolves
  An eye of draining (D:14)
  9 ogres
  13 crocodiles
  11 big kobolds
  13 bullfrogs
  A gnoll sergeant (Orc:1)
  3 scorpions
  17 killer bees
  4 wights (D:9)
  4 howler monkeys
  7 electric eels
  7 crimson imps
  8 centaur zombies
  A quasit (D:7)
  8 hounds
  47 orc priests
  A wyvern simulacrum (D:14)
  4 centaur skeletons
  3 jellies
  A bullfrog skeleton (D:5)
  4 iguanas
  Natasha (D:2)
  25 orc wizards
  13 worker ants
  A killer bee zombie (D:5)
  A big kobold zombie (Ossuary)
  3 ogre zombies (Ossuary)
  3 hound zombies (D:8)
  7 mummies (Ossuary)
  4 gnolls (Orc:1)
  11 adders
  2 shadow imps
  A white imp (D:7)
  2 oozes (D:3)
  An adder skeleton (D:9)
  4 adder zombies
  4 worms
  4 dart slugs
  6 leopard geckos
  101 orcs
  9 giant cockroaches
  7 goblins
  9 hobgoblins
  10 jackals
  4 quokkas
  A ball python (D:4)
  7 bats
  7 frilled lizards
  A gnoll zombie (Ossuary)
  5 goblin zombies (Ossuary)
  4 hobgoblin zombies (Ossuary)
  50 kobolds
  3 kobold zombies (Ossuary)
  A leopard gecko zombie (D:9)
  A quokka skeleton (D:9)
  2 quokka zombies (Ossuary)
  15 rats
  6 rat zombies (Ossuary)
  2 fungi
  A plant (D:10)
940 creatures vanquished.

Vanquished Creatures (others)
  An ogre mage (D:14)
  2 swamp dragons
  2 slaves (D:6)
  A leopard gecko (D:6)
  A kobold (D:14)
  A fungus (Lair:6)
  8 plants
16 creatures vanquished.

Grand Total: 956 creatures vanquished

Notes
Turn   | Place    | Note
-------+----------+-------------------------------------------
     0 | D:1      | Peloso the Minotaur Fighter began the quest for the Orb.
     0 | D:1      | Reached XP level 1. HP: 19/19 MP: 0/0
    76 | D:1      | Reached XP level 2. HP: 8/27 MP: 1/1
   368 | D:1      | Reached skill level 4 in Shields
   421 | D:1      | Reached XP level 3. HP: 32/33 MP: 2/2
   885 | D:2      | Reached XP level 4. HP: 40/40 MP: 3/3
  1034 | D:2      | Noticed Natasha
  1047 | D:2      | Killed Natasha
  1163 | D:2      | Noticed Sigmund
  1176 | D:2      | Killed Sigmund
  1176 | D:2      | Reached skill level 1 in Dodging
  1176 | D:2      | Reached skill level 5 in Shields
  1176 | D:2      | Reached XP level 5. HP: 25/47 MP: 4/4
  1176 | D:2      | Reached XP level 6. HP: 28/53 MP: 5/5
  1356 | D:3      | Found a hide-covered altar of Uskayaw.
  1356 | D:3      | Found a white marble altar of Elyvilon.
  1588 | D:3      | Reached skill level 5 in Fighting
  1588 | D:3      | Reached skill level 5 in Long Blades
  1645 | D:3      | Reached skill level 5 in Armour
  2115 | D:3      | Found a glowing golden altar of the Shining One.
  2463 | D:4      | Found a staircase to the Ecumenical Temple.
  2479 | Temple   | Entered the Ecumenical Temple
  2598 | D:4      | Reached XP level 7. HP: 61/61 MP: 6/6
  2694 | D:4      | Found Conikoch's Gadget Shop.
  2860 | D:4      | Found an iron altar of Okawaru.
  2868 | D:4      | Became a worshipper of Warmaster Okawaru
  3268 | D:5      | Entered Level 5 of the Dungeon
  3359 | D:5      | Found a basalt altar of Yredelemnul.
  3422 | D:5      | Found a sand-covered staircase.
  3506 | Ossuary  | Entered an ossuary
  3909 | Ossuary  | Reached skill level 6 in Shields
  3963 | Ossuary  | Reached XP level 8. HP: 64/70 MP: 5/7
  4204 | D:5      | Reached * piety under Okawaru
  4406 | D:5      | Found a shattered altar of Ashenzari.
  4407 | D:5      | Found Meystru's Distillery.
  4413 | D:5      | Bought a potion of degeneration for 12 gold pieces
  4413 | D:5      | Bought a potion of curing for 36 gold pieces
  4413 | D:5      | Bought a potion of berserk rage for 60 gold pieces
  4413 | D:5      | Bought a potion of lignification for 36 gold pieces
  4413 | D:5      | Bought a potion of agility for 48 gold pieces
  5135 | D:6      | Noticed Pikel
  5155 | D:6      | Killed Pikel
  5155 | D:6      | Reached skill level 7 in Shields
  5267 | D:6      | Found a hazy altar of Hepliaklqana.
  5418 | D:6      | Noticed Eustachio
  5460 | D:6      | Killed Eustachio
  5460 | D:6      | Reached ** piety under Okawaru
  5523 | D:6      | Reached XP level 9. HP: 78/78 MP: 8/8
  5897 | D:7      | Reached skill level 8 in Shields
  6508 | D:7      | Found a shadowy altar of Dithmenos.
  6628 | D:8      | Reached *** piety under Okawaru
  6699 | D:8      | Noticed a cyclops
  7065 | D:8      | Reached skill level 9 in Shields
  7380 | D:8      | Killed a cyclops
  7380 | D:8      | Received a gift from Okawaru
  7380 | D:8      | Reached XP level 10. HP: 49/86 MP: 4/9
  7423 | D:8      | Reached skill level 10 in Long Blades
  7494 | D:8      | Reached skill level 10 in Shields
  7631 | D:8      | Found an opulent altar of Gozag.
  7875 | D:9      | Reached skill level 1 in Stealth
  8012 | D:9      | Reached skill level 5 in Dodging
  8033 | D:9      | Found a burning altar of Makhleb.
  8135 | D:9      | Found an ornate altar of the Wu Jian Council.
  8232 | D:9      | Noticed Harold
  8252 | D:9      | Killed Harold
  8252 | D:9      | Reached **** piety under Okawaru
  8276 | D:9      | Got a pair of faintly glowing boots
  8287 | D:9      | Identified the +2 pair of boots of the Lizard {rPois Str+2}
                  | (You found it on level 9 of the Dungeon)
  8567 | D:9      | Found a stormy altar of Qazlal.
  8622 | D:9      | Noticed Joseph
  8639 | D:9      | Killed Joseph
  8639 | D:9      | Reached skill level 11 in Shields
  8936 | D:9      | Found a radiant altar of Vehumet.
  9087 | D:10     | Entered Level 10 of the Dungeon
  9111 | D:10     | Found a staircase to the Orcish Mines.
  9117 | D:10     | Found a staircase to the Lair.
  9154 | D:10     | Found a roughly hewn altar of Beogh.
  9458 | D:10     | Noticed a deep elf mage
  9468 | D:10     | Killed a deep elf mage
  9468 | D:10     | Reached XP level 11. HP: 92/95 MP: 10/10
  9477 | D:10     | Found a shadowy altar of Dithmenos.
  9506 | D:10     | Reached ***** piety under Okawaru
  9773 | D:10     | Received a gift from Okawaru
 10051 | D:11     | Found Techere's Weapon Shoppe.
 10079 | D:11     | Reached skill level 12 in Shields
 10212 | D:11     | Noticed a two-headed ogre
 10224 | D:11     | Killed a two-headed ogre
 10224 | D:11     | Received a gift from Okawaru
 10307 | D:11     | Noticed a two-headed ogre
 10314 | D:11     | Killed a two-headed ogre
 10629 | D:11     | Found a roughly hewn altar of Beogh.
 11067 | D:11     | Noticed a white ugly thing
 11072 | D:11     | Killed a white ugly thing
 11391 | D:12     | Reached XP level 12. HP: 65/106 MP: 6/11
 11766 | D:12     | Reached skill level 13 in Shields
 12045 | D:12     | Reached skill level 10 in Fighting
 12600 | Lair:1   | Entered Level 1 of the Lair of Beasts
 12757 | Lair:1   | Noticed a six-headed hydra
 12772 | Lair:1   | Killed a six-headed hydra
 12772 | Lair:1   | Received a gift from Okawaru
 12819 | Lair:1   | Reached skill level 10 in Armour
 13402 | Lair:1   | Found an ancient bone altar of Kikubaaqudgha.
 13519 | Lair:1   | Reached skill level 14 in Shields
 13531 | Lair:1   | Reached ****** piety under Okawaru
 14232 | Lair:2   | Noticed Sonja
 14241 | Lair:2   | Killed Sonja
 14424 | Lair:2   | Noticed Fannar
 14450 | Lair:2   | Killed Fannar
 14450 | Lair:2   | Received a gift from Okawaru
 14574 | Lair:2   | Reached XP level 13. HP: 56/115 MP: 12/12
 15190 | Lair:3   | Reached skill level 1 in Invocations
 15244 | Lair:2   | Reached skill level 1 in Short Blades
 15679 | Lair:3   | Found a hole to the Spider Nest.
 15986 | Lair:3   | You fall through a shaft for 2 floors!
 16008 | Lair:5   | Reached skill level 15 in Shields
 16351 | Lair:4   | Received a gift from Okawaru
 16486 | Lair:4   | Received a gift from Okawaru
 17396 | Lair:3   | Found a staircase to the Swamp.
 18317 | Lair:5   | Found a staircase to the Slime Pits.
 18687 | Lair:6   | Entered Level 6 of the Lair of Beasts
 18793 | Lair:6   | Received a gift from Okawaru
 18933 | Lair:6   | Reached XP level 14. HP: 59/124 MP: 13/13
 18934 | Lair:6   | Reached skill level 16 in Shields
 19339 | Lair:6   | Received a gift from Okawaru
 19458 | Lair:6   | Reached skill level 15 in Long Blades
 19559 | Lair:6   | Found a burning altar of Makhleb.
 19620 | Lair:6   | Found a gateway to Hell.
 19914 | Lair:6   | Received a gift from Okawaru
 20366 | Lair:6   | Got a shimmering long sword {god gift}
 20368 | Lair:6   | Identified the +1 long sword of Idealism {pain, Int+3}
                  | (Okawaru gifted it to you on level 6 of the Lair of Beasts)
 20743 | Lair:6   | Reached skill level 17 in Shields
 21672 | D:13     | Reached skill level 1 in Evocations
 21720 | D:13     | Received a gift from Okawaru
 23590 | D:14     | Reached XP level 15. HP: 116/134 MP: 15/15
 24124 | D:14     | Reached skill level 18 in Shields
 24137 | D:14     | Received a gift from Okawaru
 24441 | D:14     | Found a gate to the Vaults.
 24689 | Orc:1    | Entered Level 1 of the Orcish Mines
 24781 | Orc:1    | Noticed an orc warlord
 25035 | D:10     | Killed an orc warlord
 25926 | D:10     | Received a gift from Okawaru
 26599 | Orc:1    | Found a radiant altar of Vehumet.
 26671 | Orc:1    | You fall through a shaft!
 26671 | Orc:2    | Entered Level 2 of the Orcish Mines
 26692 | Orc:2    | Found a staircase to the Elven Halls.
 26742 | Orc:2    | Found Xaos's General Store.
 26770 | Orc:2    | Bought a scroll of identify for 28 gold pieces
 28067 | Orc:2    | Reached skill level 10 in Dodging
 28472 | Orc:2    | Found Noav's General Store.
 28475 | Orc:2    | Found Qururhim's Antique Armour Shop.
 28476 | Orc:2    | Found Tel Qirch's Antique Weapon Shop.
 28477 | Orc:2    | Found Pusmyru's Antique Weapon Boutique.
 28489 | Orc:2    | Bought a glowing demon blade for 414 gold pieces
 28500 | Orc:2    | Bought a scroll of magic mapping for 42 gold pieces
 28500 | Orc:2    | Bought a scroll of identify for 24 gold pieces
 28500 | Orc:2    | Bought a scroll of brand weapon for 240 gold pieces
 28500 | Orc:2    | Bought a potion of invisibility for 96 gold pieces
 28500 | Orc:2    | Bought a scroll of identify for 24 gold pieces
 28505 | Orc:2    | Identified a scroll of acquirement
 28948 | D:15     | Entered Level 15 of the Dungeon
 28968 | D:15     | Got a heavily runed bronze amulet
 29185 | D:15     | Reached skill level 19 in Shields
 29193 | D:15     | Found a staircase to the Depths.
 29199 | D:15     | Received a gift from Okawaru
 29200 | D:15     | Found the +0 pair of fencer's gloves {Riposte Dex+3}
 29620 | D:15     | Identified the amulet "Guubotay" {Acrobat Str+4} (You found
                  | it on level 15 of the Dungeon)
 29826 | Swamp:1  | Entered Level 1 of the Swamp
 30341 | Swamp:1  | Reached XP level 16. HP: 144/144 MP: 16/16
 30458 | Swamp:1  | Noticed Louise
 30499 | Swamp:1  | Killed Louise
 30701 | Swamp:2  | Got a crude rapier
 31447 | Swamp:3  | Received a gift from Okawaru
 31633 | Swamp:3  | Noticed a thorn hunter
 31644 | Swamp:3  | Killed a thorn hunter
 32258 | Swamp:4  | Entered Level 4 of the Swamp
 32414 | Swamp:4  | Mangled by a shambling mangrove

Skill      XL: |  1  2  3  4  5  6  7  8  9 10 11 12 13 14 15 16 |
---------------+-------------------------------------------------+-----
Armour         | 4 5 6 7 8 9 11 12 13 14 | 14.6
Fighting       | 4 5 6 7 8 9 10 11 12 13 14 | 14.0
Shields        | 4 5 6 7 9 11 12 14 15 17 19 | 19.9
Long Blades    | 3 4 5 7 8 9 11 12 14 15 16 | 16.9
Dodging        | 1 2 3 4 6 7 8 9 10 | 10.1
Stealth        | 1 2 3 |  3.0
Invocations    | 1 |  1.8
Short Blades   | 2 3 |  3.1
Evocations     | 1 |  1.1

Action                   |  1- 3 |  4- 6 |  7- 9 | 10-12 | 13-15 | 16-18 || total
-------------------------+-------+-------+-------+-------+-------+-------++-------
Melee: Long sword        |   100 |   118 |   548 |   874 |   986 |       ||  2626
       Headbutt          |    11 |    26 |   113 |   253 |   490 |    91 ||   984
       Short sword       |       |       |       |    16 |    86 |       ||   102
       Scimitar          |       |       |       |       |   500 |   294 ||   794
       Demon blade       |       |       |       |       |   130 |       ||   130
Invok: Heroism           |       |       |     1 |     7 |     8 |     1 ||    17
Evoke: Wand              |       |       |       |     5 |     7 |       ||    12
  Use: Potion            |       |     1 |     1 |     1 |     1 |     2 ||     6
       Scroll            |       |       |     8 |     4 |    16 |     3 ||    31
 Stab: Confused          |       |       |       |       |       |     4 ||     4
  Eat: Chunk             |       |     5 |    13 |    25 |    49 |     7 ||    99
       Ration            |       |       |     1 |       |     1 |       ||     2
Armor: Scale mail        |    65 |    30 |   167 |   274 |       |       ||   536
       Chain mail        |       |       |     6 |   131 |   403 |       ||   540
       Plate armour      |       |       |       |       |   120 |   128 ||   248
Dodge: Dodged            |    36 |    23 |   163 |   401 |   568 |   109 ||  1300
Block: Shield            |    79 |    56 |   331 |   722 |  1183 |   268 ||  2639
       Rpst.: Long sword |     7 |    10 |    49 |    93 |    92 |       ||   251
       Scimitar          |       |       |       |       |    36 |    29 ||    65
       Demon blade       |       |       |       |       |    11 |       ||    11
